 Dungeon Crawl Stone Soup version 0.23.0 (webtiles) character file.

Game seed: 16208458084205177096

83 wolfsongas the Fighter (level 4, -2/48 HPs)
             Began as a Gnoll Wanderer on Feb 17, 2019.
             Slain by Grinder (6 damage)
             ... on level 3 of the Dungeon.
             The game lasted 00:02:59 (1613 turns).

wolfsongas the Fighter (Gnoll Wanderer)             Turns: 1613, Time: 00:02:59

Health: -2/48      AC:  4    Str: 14    XL:     4   Next: 44%
Magic:  5/5        EV: 14    Int: 17    God:
Gold:   80         SH:  0    Dex: 16    Spells: 5/5 levels left

rFire    . . .     SeeInvis .   d - +0 dagger
rCold    . . .     Gourm    .   (no shield)
rNeg     . . .     Faith    +   g - +1 leather armour
rPois    .         Spirit   .   (no helmet)
rElec    .         Reflect  .   (no cloak)
rCorr    .         Harm     .   (no gloves)
MR       .....                  (no boots)
Stlth    +++.......             j - amulet of faith
HPRegen  0.16/turn              e - +3 ring of intelligence
MPRegen  0.09/turn              (no ring)

@: no status effects
A: distributed training, fangs 1, low mp 1, MP-powered wands, strong nose
a: no special abilities


You were on level 3 of the Dungeon.
You were not hungry.

You visited 1 branch of the dungeon, and saw 3 of its levels.

You collected 80 gold pieces.

Inventory:

Hand Weapons
 a - a +2 spear
 d - a +0 dagger (weapon)
Armour
 g - a +1 leather armour (worn)
Jewellery
 e - a +3 ring of intelligence (left hand)
 j - an amulet of faith (around neck)
Scrolls
 b - 3 scrolls of teleportation
 c - 2 scrolls of blinking
 h - a scroll of fog
 k - a scroll of remove curse
Comestibles
 f - 5 rations


   Skills:
 + Level 10.4 Fighting
 + Level 1.1 Short Blades
 + Level 1.1 Long Blades
 + Level 1.1 Axes
 + Level 1.1 Maces & Flails
 + Level 1.1 Polearms
 + Level 1.1 Staves
 + Level 1.1 Slings
 + Level 1.1 Bows
 + Level 1.1 Crossbows
 + Level 1.1 Throwing
 + Level 1.1 Armour
 + Level 4.6 Dodging
 + Level 4.2 Stealth
 + Level 2.7 Shields
 + Level 1.1 Unarmed Combat
 + Level 1.1 Spellcasting
 + Level 0.8 Conjurations
 + Level 0.8 Hexes
 + Level 0.8 Charms
 + Level 0.8 Summonings
 + Level 0.8 Necromancy
 + Level 0.8 Translocations
 + Level 0.8 Transmutations
 + Level 0.8 Fire Magic
 + Level 0.8 Ice Magic
 + Level 0.8 Air Magic
 + Level 0.8 Earth Magic
 + Level 0.8 Poison Magic
 + Level 1.2 Invocations
 + Level 1.1 Evocations


You had 5 spell levels left.
You didn't know any spells.
Your spell library was empty.

Dungeon Overview and Level Annotations

Branches:
Dungeon (3/15)

Altars:

Annotations:
D:3 Grinder


Innate Abilities, Weirdness & Mutations

Your experience applies equally to all skills.
You have very sharp teeth.
Your uncanny sense of smell can sniff out nearby items.
Your magical capacity is low. (-10% MP)
You expend magic power (3 MP) to strengthen your wands.


Message History

Grinder hits you!
You writhe in agony.
You can move again.
You hit Grinder but do no damage.
Grinder is heavily wounded.
Grinder barely misses you.
You barely miss Grinder.
Grinder is heavily wounded.
Grinder hits you.
* * * LOW HITPOINT WARNING * * *
You writhe in agony.
* * * LOW HITPOINT WARNING * * *
Unknown command.
You hit Grinder but do no damage.
Grinder is heavily wounded.
Grinder gestures at you. You resist with significant effort.
You hit Grinder.
Grinder is heavily wounded.
Grinder hits you.
You die...

#########
#.5@....#
#.#####.#
# #...#.#
#.#.#.#
#..<..#
#######


You could see Grinder.

Vanquished Creatures
  2 adders (D:2)
  3 oozes
  A dart slug (D:1)
  2 leopard geckos (D:1)
  A giant cockroach (D:2)
  3 hobgoblins (D:1)
  2 jackals (D:1)
  A quokka (D:2)
  2 ball pythons (D:1)
  10 bats
  5 frilled lizards
  7 goblins
  6 kobolds
  8 rats
53 creatures vanquished.

Notes
Turn   | Place    | Note
-------+----------+-------------------------------------------
     0 | D:1      | Reached skill level 10 in Fighting
     0 | D:1      | wolfsongas the Gnoll Wanderer began the quest for the Orb.
     0 | D:1      | wolfsongas set off with the following items: a +2 spear, 2
                  | scrolls of teleportation, a +0 robe, a +0 dagger, a ration
     0 | D:1      | Reached XP level 1. HP: 28/28 MP: 1/1
   252 | D:1      | Reached XP level 2. HP: 36/36 MP: 2/2
   407 | D:1      | Reached XP level 3. HP: 40/42 MP: 3/3
   776 | D:1      | Reached skill level 1 in Invocations
   984 | D:2      | Reached skill level 1 in Short Blades
   984 | D:2      | Reached skill level 1 in Long Blades
   984 | D:2      | Reached skill level 1 in Axes
   984 | D:2      | Reached skill level 1 in Maces & Flails
   984 | D:2      | Reached skill level 1 in Polearms
   984 | D:2      | Reached skill level 1 in Staves
   984 | D:2      | Reached skill level 1 in Slings
   984 | D:2      | Reached skill level 1 in Bows
   984 | D:2      | Reached skill level 1 in Crossbows
   984 | D:2      | Reached skill level 1 in Throwing
   984 | D:2      | Reached skill level 1 in Armour
   984 | D:2      | Reached skill level 1 in Unarmed Combat
   984 | D:2      | Reached skill level 1 in Spellcasting
   984 | D:2      | Reached skill level 1 in Evocations
  1032 | D:2      | Reached XP level 4. HP: 36/48 MP: 5/5
  1584 | D:3      | Noticed Grinder
  1590 | D:3      | Gained mutation: Your magical capacity is low. (-10% MP)
                  | [potion of mutation]
  1590 | D:3      | Gained mutation: You expend magic power (3 MP) to
                  | strengthen your wands. [potion of mutation]
  1607 | D:3      | Paralysed by Grinder for 3 turns
  1613 | D:3      | Slain by Grinder

Skill      XL: |  1  2  3 |
---------------+----------+-----
Fighting       | | 10.4
Invocations    | 1 |  1.2
Short Blades   | 1 |  1.1
Long Blades    | 1 |  1.1
Axes           | 1 |  1.1
Maces & Flails | 1 |  1.1
Polearms       | 1 |  1.1
Staves         | 1 |  1.1
Slings         | 1 |  1.1
Bows           | 1 |  1.1
Crossbows      | 1 |  1.1
Throwing       | 1 |  1.1
Armour         | 1 |  1.1
Unarmed Combat | 1 |  1.1
Spellcasting   | 1 |  1.1
Evocations     | 1 |  1.1
Dodging        | |  4.6
Stealth        | |  4.2
Shields        | |  2.7
Conjurations   | |  0.8
Hexes          | |  0.8
Charms         | |  0.8
Summonings     | |  0.8
Necromancy     | |  0.8
Translocations | |  0.8
Transmutations | |  0.8
Fire Magic     | |  0.8
Ice Magic      | |  0.8
Air Magic      | |  0.8
Earth Magic    | |  0.8
Poison Magic   | |  0.8

Action                   |  1- 3 |  4- 6 || total
-------------------------+-------+-------++-------
Melee: Dagger            |   121 |    47 ||   168
       Bite              |    19 |     4 ||    23
       Spear             |     3 |       ||     3
       Punch             |     1 |       ||     1
  Use: Scroll            |     3 |     1 ||     4
       Potion            |     2 |     2 ||     4
 Stab: Sleeping          |     8 |     2 ||    10
  Eat: Ration            |       |     1 ||     1
Armor: Robe              |     3 |       ||     3
       Leather armour    |    28 |     8 ||    36
Dodge: Dodged            |   114 |    28 ||   142
